 Dungeon Sprint DCSS version 0.31-a0-4-gefa6de2278 (webtiles) character file.

Game seed: 8627760705717997578

107 sircluck the Trooper (level 4, 0/45 HPs)
             Began as a Hill Orc Fighter on May 4, 2023.
             Killed from afar by a white imp (9 damage)
             ... with a puff of frost
             ... in the Dungeon (Sprint IX: "|||||||||||||||||||||||||||||").
             The game lasted 00:00:13 (51 turns).

sircluck the Trooper (Hill Orc Fighter)               Turns: 51, Time: 00:00:14

Health: 0/45       AC:  7    Str: 20    XL:     4   Next: 86%
Magic:  4/4        EV:  9    Int:  8    God:
Gold:   0          SH:  5    Dex: 10    Spells: 3/3 levels left

rFire   . . .        a - +0 war axe
rCold   . . .        c - +0 buckler
rNeg    . . .        b - +0 scale mail
rPois   .            (no helmet)
rElec   .            (no cloak)
rCorr   .            (no gloves)
SInv    .            (no boots)
Will    .....        (no amulet) Stlth
                     (no ring)
HPRegen 0.27/turn    (no ring)
MPRegen 0.09/turn

%: no teleportation
@: lethally poisoned (0 -> -3)
A: no striking features
a: no special abilities


You were in the Dungeon.
You visited 1 branch

Inventory:

Hand Weapons
 a - a +0 war axe (weapon)
Armour
 b - a +0 scale mail (worn)
 c - a +0 buckler (worn)
Scrolls
 j - a scroll of blinking
Potions
 d - a potion of might
 e - a potion of curing
 f - a potion of heal wounds
 g - a potion of haste
 h - 2 potions of magic
 i - a potion of berserk rage


   Skills:
 + Level 6.7 Fighting
 + Level 6.2 Axes
 + Level 6.0 Armour
 + Level 0.2 Dodging
 + Level 5.8 Shields


You had 3 spell levels left.
You didn't know any spells.
Your spell library was empty.

Dungeon Overview and Level Annotations

Branches:
Dungeon (1/1)

Altars:


Message History

You hit the scorpion.
The scorpion is almost dead.
The scorpion stings you. The scorpion closely misses you.
You closely miss the scorpion.
The scorpion is almost dead.
The scorpion stings you.
You barely miss the scorpion.
The scorpion is almost dead.
The scorpion stings you but does no damage.
You block the scorpion's attack.
You hit the scorpion.
The scorpion is almost dead.
The scorpion stings you.
You are poisoned.
The scorpion poisons you!
You slash the scorpion!
You kill the scorpion!
You feel very sick.
Your Fighting skill increases to level 6!
Your Axes skill gained 2 levels and is now at level 6!
Your Armour skill increases to level 6!
You have reached level 4!
Unknown command.
Unknown command.
You barely miss the white imp.
You feel sick. The white imp closely misses you.
You hit the white imp.
The white imp is heavily wounded.
You feel sick. You block the white imp's attack.
You barely miss the white imp.
The white imp is heavily wounded.
You feel sick. The white imp closely misses you. The white imp gestures at you.
The puff of frost hits you!
* * * LOW HITPOINT WARNING * * *
You closely miss the white imp.
The white imp is heavily wounded.
You feel sick. The white imp gestures at you. The puff of frost hits you!
You die... ▓▓▓▓▓▓▓▓▓▓▓▓▓▓▓▓▓▓ ▓<...)....@5.....+ ▓▓▓▓▓▓▓▓▓▓▓▓▓▓▓▓▓▓

You could see a white imp.

Vanquished Creatures
  A scorpion (D)
  A jelly (D)
  An adder (D)
  A dart slug (D)
  A goblin (D)
  2 hobgoblins (D)
  A bat (D)
  A frilled lizard (D)
9 creatures vanquished.

Notes
Turn   | Place    | Note
-------+----------+-------------------------------------------
     0 | D        | sircluck the Hill Orc Fighter began the quest for the Orb.
     0 | D        | Reached XP level 1. HP: 19/19 MP: 1/1
     6 | D        | Banished a spatial maelstrom
    30 | D        | Noticed a jelly
    30 | D        | Noticed a scorpion
    32 | D        | Killed a jelly
    33 | D        | Reached skill level 5 in Fighting
    33 | D        | Reached XP level 2. HP: 22/29 MP: 2/2
    33 | D        | Reached XP level 3. HP: 28/36 MP: 3/3
    37 | D        | Reached skill level 5 in Armour
    37 | D        | Reached skill level 5 in Shields
    47 | D        | Killed a scorpion
    48 | D        | Reached XP level 4. HP: 21/45 MP: 4/4
    51 | D        | Killed from afar by a white imp

Illustrated notes

Levels and vault maps discovered:
D:        linesprint [early_d, line_temple, items_1, d_10, items_2, lair_1,
          lair_end, items_3, orc_1, orc_end, items_4, d_15, swamp_1, shoals_1,
          snake_1, spider_1, d_20, vaults_1, items_5, swamp_end, shoals_end,
          snake_end, spider_end, vaults_end, d_27, items_6, zot_1, zot_end,
          crypt_end, forest_end, elf_end, slime_end, tomb_end, abyss_end,
          pan_hell_end]

Skill      XL: |  1  2  3 |
---------------+----------+-----
Fighting       | 5 6 |  6.7
Axes           | 4 6 |  6.2
Armour         | 4 6 |  6.0
Shields        | 4 5 |  5.8
Dodging        | |  0.2

Action                     |  1- 3 |  4- 6 || total
---------------------------+-------+-------++-------
  Melee: War axe           |    37 |     4 ||    41
 Armour: Scale mail        |    17 |       ||    17
  Dodge: Dodged            |    18 |     2 ||    20
  Block: Buckler           |     6 |     1 ||     7

Table legend: (Time is in decaauts)
 A = Elapsed time spent in this place.
 B = Non-inter-level travel time spent in this place.
 C = Inter-level travel time spent in this place.
 D = Time resting spent in this place.
 E = Time spent auto-exploring this place.
 F = Levels seen in this place.
 G = Mean time per level.
                   A        B        C        D        E       F      G
               +--------+--------+--------+--------+--------+-----+--------+
         Total |     65 |     65 |      0 |      0 |      0 |   1 |   65.0 |
       Dungeon |     65 |     65 |      0 |      0 |      0 |   1 |   65.0 |
               +--------+--------+--------+--------+--------+-----+--------+

Top non-repeatable levels by time:
       D: 65 daAuts
